Map: Abiogenesis LE

Players

Kelazhur

  • Race: Terran Terran
  • Spawn Location: 11:00

sOs - Winner!

  • Race: Protoss Protoss
  • Spawn Location: 5:00

Event: IEM Season 12 - PyeongChang

VOD

Have the link to the VOD?

Description

Time

  • Played on: Feb. 5, 2018, 11:49 p.m.
  • Length: 9:04

All games in this series

Show
View Real Time Build Order
Export as new Build Order

Kelazhur Terran 

Build Orders: Reaper Expand, MMM Bio 

Get SALT Encoding   

  12  0:00  SCV  
  13  0:12  SCV  
  14  0:17  Supply Depot  
  14  0:24  SCV  
  15  0:38  SCV  
  16  0:42  Barracks  
  16  0:48  Refinery  
  16  0:50  SCV  
  17  1:03  SCV  
  18  1:15  SCV  
  19  1:30  Orbital Command  
  19  1:37  Reaper  
  20  1:42  Command Center  
  20  1:56  Supply Depot  
  20  1:57  SCV  
  21  2:09  Marine  
  21  2:10  Factory  
  21  2:13  SCV  
  23  2:25  SCV  
  24  2:35  Barracks Reactor  
  25  2:37  SCV, Barracks Tech Lab  
  25  2:38  Refinery  
  24  2:45  Supply Depot  
  24  2:49  SCV  
  25  2:56  Hellion, Marauder, Concussive Shells  
  29  3:01  SCV  
  29  3:13  SCV  
  29  3:16  Supply Depot  
  29  3:18  Marauder  
  31  3:25  Cyclone, SCV  
  35  3:37  SCV  
  35  3:39  Marauder  
  38  3:49  SCV  
  39  4:00  Marauder  
  39  4:01  SCV  
  45  4:10  Cyclone, Orbital Command  
  45  4:13  SCV  
  46  4:22  Marauder  
  45  4:26  SCV  
  40  4:32  Bunker  
  40  4:36  Stimpack  
  40  4:37  SCV  
  40  4:38  SCV  
  40  4:39  Barracks  
  40  4:42  Cyclone  
  40  4:43  Marauder  
  43  4:56  SCV  
  42  5:05  Marauder  
  40  5:08  SCV  
  40  5:15  Cyclone  
  43  5:23  SCV  
  43  5:26  Marauder  
  43  5:32  Marine  
  41  5:35  SCV  
  42  5:47  Marauder  
  42  5:48  SCV  
  44  5:50  Marine  
  44  5:52  Orbital Command  
  44  5:55  Cyclone  
  48  6:00  SCV  
  47  6:08  Marine  
  47  6:09  Bunker, Marauder  
  50  6:12  SCV  
  52  6:18  SCV  
  52  6:24  SCV  
  53  6:26  Marine  
  53  6:30  SCV, Marauder  
  54  6:36  SCV, Factory Reactor  
  54  6:38  Starport  
  54  6:39  Engineering Bay  
  55  6:42  SCV  
  55  6:43  Combat Shields  
  56  6:48  SCV  
  54  6:54  SCV  
  54  7:00  SCV  
  53  7:02  Barracks Reactor, Marauder  
  53  7:07  SCV  
  56  7:11  Missile Turret  
  56  7:12  SCV  
  57  7:16  Barracks  
  57  7:19  SCV  
  57  7:21  Medivac x2  
  62  7:25  Supply Depot  
  62  7:27  Supply Depot  
  62  7:40  SCV x2  
  62  7:46  Marine x2  
  62  7:47  Supply Depot, Marauder, Refinery x2  
  62  7:51  Supply Depot  
  66  7:52  Medivac  
  66  7:53  SCV x2  
  66  7:58  Barracks  
  70  7:59  Barracks  
  70  8:05  SCV x2  
  72  8:07  Marine x2  
  72  8:08  Marauder  
  72  8:10  Barracks Tech Lab  
  76  8:25  Marine x2  
  78  8:29  SCV x2  
  78  8:30  Marauder  
  78  8:33  Supply Depot  
  84  8:34  Marauder  
  84  8:40  Command Center  
  84  8:41  SCV  
  83  8:45  Bunker  
  83  8:46  Bunker, Marine  
Show
View Real Time Build Order
Export as new Build Order

sOs Protoss - Winner!

Build Orders: Blink Stalkers 

Get SALT Encoding   

  12  0:00  Probe  
  13  0:13  Pylon  
  13  0:18  Probe  
  14  0:32  Gateway  
  15  0:35  Probe (Chrono Boost)  
  15  0:46  Probe (Chrono Boost)  
  15  0:48  Assimilator  
  16  0:50  Probe (Chrono Boost)  
  17  1:02  Probe  
  18  1:14  Probe  
  19  1:18  Cybernetics Core  
  19  1:19  Zealot  
  21  1:27  Probe  
  21  1:28  Pylon  
  22  1:39  Probe  
  23  1:52  Probe, Stalker (Chrono Boost)  
  24  1:57  Warp Gate  
  26  2:12  Nexus  
  26  2:16  Stalker (Chrono Boost)  
  28  2:23  Probe  
  28  2:27  Assimilator  
  27  2:37  Pylon  
  27  2:38  Probe  
  28  2:44  Stalker  
  30  2:52  Probe  
  31  3:02  Gateway  
  31  3:10  Gateway  
  31  3:17  Twilight Council  
  31  3:24  Stalker  
  33  3:31  Probe x2  
  35  3:47  Probe, Blink (Chrono Boost)  
  35  3:48  Probe  
  37  3:54  Pylon  
  37  4:08  Stalker x2  
  41  4:14  Stalker  
  41  4:24  Probe  
  38  4:32  Stalker x2  
  38  4:34  Probe  
  38  4:37  Probe  
  38  4:38  Stalker  
  46  4:46  Probe  
  46  4:49  Probe  
  46  5:03  Probe x2  
  48  5:11  Stalker x3  
  54  5:19  Probe x2  
  56  5:21  Pylon  
  56  5:37  Stalker x3  
  56  5:41  Nexus  
  62  5:54  Probe x2  
  60  6:08  Stalker x3  
  60  6:10  Probe x2  
  64  6:12  Gateway  
  64  6:13  Gateway  
  62  6:21  Charge (Chrono Boost), Gateway  
  62  6:22  Gateway  
  60  6:28  Probe x2  
  62  6:33  Pylon  
  62  6:36  Sentry  
  62  6:37  Zealot  
  62  6:38  Zealot  
  68  6:42  Shield Battery  
  68  6:46  Probe x2  
  64  7:02  Probe x2 (Chrono Boost)  
  64  7:03  Robotics Facility  
  64  7:05  Probe (Chrono Boost)  
  65  7:14  Probe (Chrono Boost), Gateway  
  68  7:15  Probe (Chrono Boost)  
  68  7:16  Probe (Chrono Boost)  
  68  7:19  Probe (Chrono Boost)  
  69  7:23  Probe  
  69  7:24  Probe  
  71  7:30  Zealot x4  
  71  7:31  Probe, Zealot x3  
  71  7:33  Pylon  
  71  7:35  Probe  
  87  7:44  Pylon  
  87  7:47  Probe, Warp Prism (Chrono Boost)  
  90  7:56  Zealot x5  
  100  8:00  Pylon  
  100  8:01  Pylon  
  100  8:10  Pylon  
  100  8:15  Observer (Chrono Boost)  
  101  8:21  Stalker x7  
  101  8:22  Zealot  
  117  8:27  Pylon  
  117  8:46  Pylon  
  117  8:52  Zealot x5  
  117  8:53  Zealot x3  

Tags
 
Add a new tag
Caveats
  • Supply blocks, unpowered buildings, or Contaminate may cause inaccurate times.
  • Supply counts are checked every 10 seconds.